 Dungeon Crawl Stone Soup version 0.30.0 (webtiles) character file.

Game seed: 8207408345722927975

46554 Lancus the Eclecticist (level 14, -12/63 HPs)
             Began as a Spriggan Earth Elementalist on Dec 13, 2023.
             Was a Believer of Ashenzari.
             Killed from afar by a manticore (20 damage)
             ... with a volley of spikes
             ... on level 2 of the Shoals.
             The game lasted 02:06:31 (17783 turns).

Lancus the Eclecticist (SpEE)                      Turns: 17783, Time: 02:06:31

Health: -12/63     AC:  8    Str:  7    XL:     14   Next: 5%
Magic:  30/40      EV: 20    Int: 29    God:    Ashenzari [**....]
Gold:   952        SH:  7    Dex: 22    Spells: 33/56 levels left

rFire   . . .        L - +1 flail "Ofytaesa" {heavy, Str+3 Int+4}
rCold   + + +        b - +3 buckler "Kips" {rC+ Dex+4 Stlth+}
rNeg    . . .        a - +4 skin of Zhor {*Englaciate rC+++ SInv, Alch, Self} (curse)
rPois   .            (helmet restricted)
rElec   .            G - +1 cloak {rCorr}
rCorr   +            (gloves unavailable)
SInv    +            (boots unavailable)
Will    ++...        y - amulet "Seeker of Ashenzari" {Regen+, Self, Elem} (curse)
Stlth   +++++        I - ring of Ashenzari's Negligence {Int+6, Bglg, Elem} (curse)
HPRegen 1.10/turn    C - ring of flight
MPRegen 0.27/turn

%: no passive effects
@: spiked, flying, very quick
A: very small, no large weapons, unfitting armour, see invisible, speed 3
a: Renounce Religion, Shatter the Chains


You were on level 2 of the Shoals.
You worshipped Ashenzari.
Ashenzari was pleased with you.
You visited 3 branches of the dungeon, and saw 16 of its levels.
You also visited: Volcano.

You collected 952 gold pieces.

Inventory:

Hand Weapons
 B - the +3 dagger "Cearuni" {flame, *Slow Will+ Dex+3 SInv}
   (You found it on level 8 of the Dungeon)

   Dex:       It affects your dexterity (+3).
   SInv:      It lets you see invisible.
   *Slow:     It may slow you when you take damage.
   Will:      It increases your willpower.
 L - the +1 flail "Ofytaesa" (weapon) {heavy, Str+3 Int+4}
   (You found it on level 1 of the Lair of Beasts)

   Str:       It affects your strength (+3).
   Int:       It affects your intelligence (+4).
Missiles
 x - 2 throwing nets
Armour
 a - the cursed +4 skin of Zhor (worn) {*Englaciate rC+++ SInv, Alch, Self}
   (You found it on level 8 of the Dungeon)

   *Englaciate: It radiates cold, occasionally slowing all nearby creatures who
   are not resistant to cold.
   rC:        It renders you almost immune to cold.
   SInv:      It lets you see invisible.
   It has a curse which improves the following skills: Alchemy: Poison Magic and
   Transmutations.
   Introspection: Fighting and Spellcasting.
 b - the +3 buckler "Kips" (worn) {rC+ Dex+4 Stlth+}
   (You found it on level 1 of the Shoals)

   Dex:       It affects your dexterity (+4).
   rC:        It protects you from cold.
   Stlth:     It makes you more stealthy.
 i - an orb of guile
 A - +2 steam dragon scales
 E - a +0 troll leather armour
 G - a +1 cloak of preservation (worn)
 J - +0 fire dragon scales
Jewellery
 w - an amulet of reflection
 y - the cursed amulet "Seeker of Ashenzari" (around neck) {Regen+, Self, Elem}
   (You found it on level 7 of the Dungeon)

   [amulet of regeneration]

   Regen:     It increases your rate of health regeneration.
   It has a curse which improves the following skills: Introspection: Fighting
   and Spellcasting.
   Elements:  Fire Magic, Ice Magic, Air Magic and Earth Magic.
 C - a ring of flight (right hand)
 D - a ring of resist corrosion
 I - the cursed ring of Ashenzari's Negligence (left hand) {Int+6, Bglg, Elem}
   (You acquired it on level 11 of the Dungeon)

   [ring of intelligence]

   Int:       It affects your intelligence (+6).
   It has a curse which improves the following skills: Beguiling: Conjurations,
   Hexes and Translocations.
   Elements:  Fire Magic, Ice Magic, Air Magic and Earth Magic.
 P - a +5 ring of evasion
Wands
 q - a wand of iceblast (17)
 M - a wand of mindburst (7)
 N - a wand of charming (2)
Scrolls
 c - 4 scrolls of noise
 f - a scroll of blinking
 h - 3 scrolls of poison
 l - 5 scrolls of vulnerability
 n - 6 scrolls of teleportation
 o - 4 scrolls of enchant weapon
 p - a scroll of brand weapon
 s - 4 scrolls of magic mapping
 v - 4 scrolls of immolation
 z - 3 scrolls of fog
 F - 7 scrolls of identify
 K - a scroll of butterflies
 O - a scroll of fear
Potions
 d - 5 potions of brilliance
 e - 4 potions of degeneration
 g - 3 potions of berserk rage
 j - 3 potions of resistance
 k - 4 potions of might
 m - 3 potions of curing
 r - a potion of cancellation
 t - a potion of ambrosia
 u - 2 potions of flight
 H - 2 potions of haste


   Skills:
 + Level 1.0(2.1) Fighting
 + Level 5.1 Dodging
 + Level 6.1 Stealth
 + Level 20.2(21.7) Spellcasting
 + Level 5.3(6.4) Hexes
 + Level 5.8(7.0) Transmutations
 - Level 0.1(0.3) Fire Magic
 + Level 14.6(16.2) Earth Magic
 + Level 0.2 Evocations


You had 33 spell levels left.
You knew the following spells:

 Your Spells              Type           Power      Damage    Failure   Level
a - Sandblast             Erth           100%       2d20      0%          1
b - Passwall              Tmut/Erth      65%        N/A       1%          2
c - Petrify               Tmut/Erth      78%        N/A       1%          4
d - Stone Arrow           Conj/Erth      100%       3d13      1%          3
e - Inner Flame           Hex/Fire       50%        N/A       1%          3
f - Yara's Violent Unrav  Hex/Tmut       31%        3d13      3%          5
g - Borgnjor's Vile Clut  Necr/Erth      34%        N/A       1%          5

Your spell library contained the following spells:

 Spells                   Type           Power      Damage    Failure   Level
 Beastly Appendage        Tmut           100%       N/A       1%          1
 Ensorcelled Hibernation  Hex/Ice        100%       N/A       1%          2
 Wereblood                Tmut           64%        N/A       1%          2
 Spider Form              Tmut/Pois      51%        N/A       1%          3
 Blink                    Tloc           64%        N/A       2%          2
 Lesser Beckoning         Tloc           64%        N/A       2%          2
 Poisonous Vapours        Pois/Air       64%        N/A       2%          2
 Anguish                  Hex/Necr       25%        N/A       4%          4
 Gell's Gravitas          Tloc           32%        N/A       5%          3
 Mephitic Cloud           Conj/Pois/Air  32%        N/A       5%          3
 Teleport Other           Tloc           32%        N/A       5%          3
 Vhi's Electric Charge    Tloc/Air       64%        N/A       5%          3
 Summon Mana Viper        Hex/Summ       50%        N/A       14%         5
 Animate Dead             Necr           31%        N/A       19%         4
 Manifold Assault         Tloc           32%        N/A       19%         4
 Summon Ice Beast         Ice/Summ       32%        N/A       19%         4
 Arcjolt                  Conj/Air       16%        1d26      43%         5
 Freezing Cloud           Conj/Ice/Air   16%        6-21      43%         5
 Enfeeble                 Hex            31%        N/A       75%         7
 Simulacrum               Ice/Necr       16%        N/A       95%         6
 Death Channel            Necr           15%        N/A       96%         6
 Storm Form               Tmut/Air       25%        N/A       98%         7
 Monstrous Menagerie      Summ           15%        N/A       100%        7
 Ozocubu's Refrigeration  Ice            16%        4d11      100%        7
 Maxwell's Capacitive Co  Air            16%        ∞         100%        8
 Polar Vortex             Ice            16%        N/A       100%        9


Dungeon Overview and Level Annotations

Branches:
Dungeon (11/15)            Temple (0/1) D:4            Lair (3/5) D:8
 Shoals (2/4) Lair:3        Snake (0/4) Lair:3      Volcano (visited)
    Orc: D:9-12

Altars:
Ashenzari
Cheibriados
Dithmenos
Elyvilon
Fedhas
Ru
Sif Muna
Trog
Vehumet
Xom
Yredelemnul

Shops:
D:8 [

Annotations:
D:4 2 runed translucent doors, JaredAshtonScott's ghost, amateur KoHu
D:5 Dowan; Duvessa


Innate Abilities, Weirdness & Mutations

You are very small and have problems with some larger weapons.
You are too small for most types of armour.
You have supernaturally acute eyesight. (SInv)
You cover ground extremely quickly. (Speed+++)


Message History

Unknown command.
The harpy misses you. The harpy claws you but does no damage.
You block the harpy's attack. The harpy claws you.
The harpy attacks as you move away! You block the harpy's attack.
The harpy misses you. You block the harpy's attack. x2
The harpy closely misses you. You block the harpy's attack.
The harpy attacks as you move away! The harpy misses you. The harpy claws you.
Found a +0 quarterstaff.
You block the harpy's attack. The harpy claws you!
The harpy completely misses you. The harpy barely misses you.
The harpy attacks as you move away! You block the harpy's attack.
The harpy closely misses you. The harpy attacks as you move away!
The harpy barely misses you. The harpy claws you but does no damage.
The harpy barely misses you. You block the harpy's attack.
The harpy claws you but does no damage. The harpy claws you.
The harpy attacks as you move away! You block the harpy's attack.
The harpy claws you.
Aiming: Sandblast (safe; 0% risk of failure)
Press: ? - help, Q - select action, (/) - cycle Shift-Dir - straight line, f/p - harpy
Aim: a harpy (almost dead, misshapen and mutated, 85% to hit)
The blast of sand hits the harpy!!
You kill the harpy!
The harpy claws you.
You block the harpy's attack. x2; The harpy misses you.
Aiming: Sandblast (safe; 0% risk of failure)
Press: ? - help, Q - select action, (/) - cycle Shift-Dir - straight line, f - harpy
Aim: a harpy (85% to hit)
The blast of sand hits the harpy!
The harpy is moderately wounded.
The harpy claws you. You block the harpy's attack.
The harpy completely misses you. The harpy barely misses you.
The manticore flicks its tail.
The volley of spikes hits you!
The barbed spikes become lodged in your body.
The centaur warrior shoots an arrow.
The arrow hits you!
* * * LOW HITPOINT WARNING * * *
The harpy closely misses you. You block the harpy's attack.
The manticore flicks its tail.
The volley of spikes hits you!!
The barbed spikes become lodged in your body.
You die...

, * ##~..* , ~ , ~ * ≈~~.#
, ~ , ##~~.##* ~ ~ ~ ~,
#~~~..## * ~ , #~~~...# ,
~ , * #~~...# ~ ~ #~~...#
~ ,~ ###~~H@.## ~ , *
#~~~~H...## *, ~ *
####~~~~~~~..# ~
########~~~c~~~~~~~~... ,
~ ........~~~≈≈≈~~~~~~~~~~
*
........~~~≈≈≈H≈≈~~~)~~~,,
~~
.........~~~≈≈~~~~~~~~~~ ~
........~~~~≈≈~~~~~~~~~~
.......~~~~~~~~~~~~~~~~ ~


You could see a centaur warrior, a manticore and 2 harpies.

Vanquished Creatures
  Nikola (Shoals:1)
  Jorgrun (Shoals:1)
  A deep elf demonologist (Shoals:1)
  The ghost of kaikaun the Covert, a journeyman KoBr of Uskayaw (Lair:3)
  A fire dragon (Volcano)
  The ghost of PiratePeteNZ the Cleaver, a novice MiMo of Gozag (D:9)
  6 two-headed ogres
  An alligator snapping turtle (Shoals:1)
  5 death yaks (Lair:2)
  4 sun demons (Volcano)
  A skyshark (Lair:3)
  2 sea snakes (Shoals:1)
  2 deep elf archers (Shoals:1)
  2 harpies (Shoals:2)
  Pikel (D:5)
  3 oklob plants (Lair:3)
  5 deep elf pyromancers (Shoals:1)
  4 deep elf zephyrmancers (Shoals:1)
  8 elephants
  2 manticores (Shoals:1)
  A smoke demon (Volcano)
  2 black mambas
  2 merfolk sirens (Lair:3)
  5 rime drakes
  8 cane toads
  3 komodo dragons (Lair:2)
  A kobold demonologist (D:11)
  2 trolls
  5 merfolk
  A wind drake (Shoals:1)
  A hornet (D:9)
  Grinder (D:5)
  2 polar bears (Lair:2)
  2 snapping turtles (Shoals:1)
  2 shadows
  5 wyverns
  A spriggan (Lair:2)
  A wraith (D:9)
  A fire elemental (Lair:1)
  28 yaks
  A basilisk (D:8)
  7 steam dragons
  Edmund (D:6)
  A naga (Lair:3)
  8 water moccasins
  3 hell hounds
  An acid dragon (D:9)
  2 orc warriors
  4 ice beasts
  A black bear (Lair:2)
  A sky beast (D:7)
  11 wolves
  4 ogres
  4 centaurs
  3 lemures (D:5)
  A phantom (D:4)
  5 bullfrogs
  3 kobold brigands
  2 gnoll sergeants
  6 wights
  8 killer bees
  A howler monkey (D:8)
  4 hounds
  2 gnoll boudas
  4 orc priests
  7 iguanas
  8 orc wizards
  12 adders
  26 gnolls
  A shadow imp (D:6)
  A white imp (D:8)
  An ufetubus (D:5)
  8 worms
  3 dart slugs
  25 orcs
  8 endoplasms
  2 giant cockroaches
  4 goblins
  4 hobgoblins
  5 quokkas
  6 ball pythons
  9 bats
  A frilled lizard (D:1)
  14 kobolds
  7 rats
366 creatures vanquished.

Vanquished Creatures (others)
  12 fungi
  37 plants
49 creatures vanquished.

Grand Total: 415 creatures vanquished

Notes
Turn   | Place    | Note
-------+----------+-------------------------------------------
     0 | D:1      | Lancus the Spriggan Earth Elementalist began the quest for
                  | the Orb.
     0 | D:1      | Reached XP level 1. HP: 9/9 MP: 5/5
   306 | D:1      | Found a faded altar of an unknown god.
   347 | D:1      | Reached skill level 3 in Spellcasting
   347 | D:1      | Reached XP level 2. HP: 12/13 MP: 1/7
  1291 | D:1      | Prayed at the altar of an unknown god.
  1291 | D:1      | Became a worshipper of Ashenzari the Shackled
  1491 | D:2      | Reached XP level 3. HP: 16/16 MP: 6/9
  1818 | D:2      | Reached skill level 4 in Spellcasting
  2046 | D:2      | Reached XP level 4. HP: 21/21 MP: 7/11
  2274 | D:2      | Learned a level 2 spell: Passwall
  2279 | D:2      | Learned a level 4 spell: Petrify
  2283 | D:2      | Learned a level 3 spell: Stone Arrow
  2570 | D:3      | Found a sacrificial altar of Ru.
  2689 | D:3      | Found a bloodstained altar of Trog.
  3116 | D:3      | Reached XP level 5. HP: 24/24 MP: 11/13
  3309 | D:4      | Reached * piety under Ashenzari
  3396 | D:4      | Found a large runed translucent door.
  3411 | D:4      | Found a large runed translucent door.
  3414 | D:4      | Noticed JaredAshtonScott's ghost (amateur KoHu)
  3470 | D:4      | Found a staircase to the Ecumenical Temple.
  3546 | D:4      | Reached skill level 5 in Spellcasting
  3734 | D:4      | Noticed an ogre
  3735 | D:4      | Noticed a phantom
  3759 | D:4      | Killed an ogre
  3760 | D:4      | Reached XP level 6. HP: 28/28 MP: 11/15
  3918 | D:4      | Found a shadowy altar of Dithmenos.
  3923 | D:4      | Reached skill level 6 in Spellcasting
  4281 | D:5      | Entered Level 5 of the Dungeon
  4322 | D:5      | Reached skill level 5 in Earth Magic
  4368 | D:5      | Noticed Grinder
  4381 | D:5      | Killed Grinder
  4382 | D:5      | Reached skill level 7 in Spellcasting
  4382 | D:5      | Reached XP level 7. HP: 21/32 MP: 3/18
  4600 | D:5      | Noticed Dowan
  4602 | D:5      | Noticed Duvessa
  4618 | D:5      | Noticed Pikel
  5374 | D:5      | Killed Pikel
  5375 | D:5      | Reached skill level 8 in Spellcasting
  5375 | D:5      | Reached XP level 8. HP: 36/36 MP: 14/21
  5517 | D:6      | Found a shimmering altar of Xom.
  5579 | D:6      | Noticed Edmund
  5622 | D:6      | Killed Edmund
  5623 | D:6      | Reached skill level 9 in Spellcasting
  5877 | D:6      | Found a broken altar of Ashenzari.
  6376 | D:6      | Reached skill level 10 in Spellcasting
  6714 | D:7      | Reached XP level 9. HP: 40/40 MP: 21/24
  7178 | D:7      | Reached skill level 11 in Spellcasting
  7301 | D:7      | Reached skill level 5 in Stealth
  7504 | D:8      | Noticed a rime drake
  7504 | D:8      | Noticed a rime drake
  7550 | D:8      | Noticed a two-headed ogre
  7563 | D:8      | Killed a two-headed ogre
  7598 | D:8      | Learned a level 3 spell: Inner Flame
  7639 | D:8      | Reached skill level 12 in Spellcasting
  7729 | D:8      | Found Cheibriados's Comfort Zone.
  7731 | D:8      | Found a snail-covered altar of Cheibriados.
  7806 | D:8      | Identified the +3 dagger "Cearuni" {flame, *Slow Will+
                  | Dex+3 SInv}
  7906 | D:8      | Found a basalt altar of Yredelemnul.
  7925 | D:8      | Noticed a rime drake
  7928 | D:8      | Reached XP level 10. HP: 44/44 MP: 23/27
  7992 | D:8      | Found a staircase to the Lair.
  8223 | D:8      | Reached skill level 13 in Spellcasting
  8223 | D:8      | Reached skill level 10 in Earth Magic
  8225 | D:8      | Found the +4 skin of Zhor {*Englaciate rC+++ SInv}
  9191 | D:9      | Noticed a two-headed ogre
  9192 | D:9      | Identified the +12 great mace of Nozuemu {venom, *Noise
                  | Dex+9}
  9192 | D:9      | Identified the +4 giant club "Xizuyssaaf" {heavy, *Slow
                  | rN++}
  9192 | D:9      | Noticed a two-headed ogre
  9192 | D:9      | Noticed PiratePeteNZ's ghost (novice MiMo)
  9215 | D:9      | Found a radiant altar of Vehumet.
  9232 | D:9      | Found a shimmering blue altar of Sif Muna.
  9232 | D:9      | Found a snail-covered altar of Cheibriados.
  9233 | D:9      | Found a blossoming altar of Fedhas.
  9431 | D:9      | Noticed a two-headed ogre
  9442 | D:9      | Killed a two-headed ogre
  9443 | D:9      | Reached skill level 14 in Spellcasting
  9443 | D:9      | Reached XP level 11. HP: 48/48 MP: 25/30
  9472 | D:9      | Found a transporter.
  9473 | D:9      | Found a transporter.
  9473 | D:9      | Noticed a two-headed ogre
  9806 | D:9      | Noticed a boulder beetle
  9844 | D:9      | Noticed a two-headed ogre
  9853 | D:9      | Killed a two-headed ogre
 10512 | D:9      | Killed a two-headed ogre
 10565 | D:9      | Killed a two-headed ogre
 10566 | D:9      | Reached skill level 15 in Spellcasting
 10621 | D:9      | Killed a two-headed ogre
 10629 | D:9      | Killed PiratePeteNZ's ghost
 10630 | D:9      | Reached skill level 1 in Hexes
 10796 | D:10     | Entered Level 10 of the Dungeon
 11155 | D:10     | Found a white marble altar of Elyvilon.
 11692 | D:10     | Reached ** piety under Ashenzari
 12021 | D:11     | Identified a scroll of acquirement
 12035 | D:11     | Acquired a +6 ring of intelligence
 12249 | Lair:1   | Entered Level 1 of the Lair of Beasts
 12357 | Lair:1   | Found a transporter.
 12361 | Lair:1   | Noticed a fire crab
 12361 | Lair:1   | Noticed a fire crab
 12361 | Lair:1   | Identified the +0 hat of Ru, Protecting {rPois}
 12417 | Lair:1   | Reached skill level 16 in Spellcasting
 12465 | Lair:1   | Reached XP level 12. HP: 40/54 MP: 19/34
 12489 | Lair:1   | Identified the +1 flail "Ofytaesa" {heavy, Str+3 Int+4}
 12633 | Lair:1   | Reached skill level 1 in Fighting
 12975 | Lair:1   | Found a transporter.
 13257 | Lair:1   | Learned a level 5 spell: Yara's Violent Unravelling
 13263 | Lair:1   | Learned a level 5 spell: Borgnjor's Vile Clutch
 13459 | Lair:2   | Reached skill level 17 in Spellcasting
 13550 | Lair:2   | Noticed a death yak
 13551 | Lair:2   | Noticed a death yak
 13556 | Lair:2   | Noticed a death yak
 13557 | Lair:2   | Noticed a death yak
 13557 | Lair:2   | Noticed a death yak
 13559 | Lair:2   | Killed a death yak
 13595 | Lair:2   | Killed a death yak
 13595 | Lair:2   | Killed a death yak
 13615 | Lair:2   | Killed a death yak
 13876 | Lair:2   | Found a gate leading to a gauntlet.
 13998 | Lair:2   | Reached *** piety under Ashenzari
 14205 | Lair:2   | Killed a death yak
 14263 | Lair:2   | Reached skill level 18 in Spellcasting
 14417 | Lair:2   | Reached skill level 5 in Dodging
 14426 | Lair:2   | Reached XP level 13. HP: 58/58 MP: 27/38
 14722 | Lair:3   | Found a runed translucent gate.
 14722 | Lair:3   | Found a runed translucent gate.
 14722 | Lair:3   | Found a runed translucent gate.
 14764 | Lair:3   | Found a dark tunnel.
 14766 | Volcano  | Entered a volcano
 15009 | Volcano  | Noticed a fire dragon
 15042 | Volcano  | Killed a fire dragon
 15244 | Lair:3   | Found a staircase to the Shoals.
 15282 | Lair:3   | Found a staircase to the Snake Pit.
 15756 | Lair:3   | Noticed kaikaun's ghost (journeyman KoBr)
 15809 | Lair:3   | Killed kaikaun's ghost
 15810 | Lair:3   | Reached skill level 19 in Spellcasting
 15826 | Lair:3   | Found a blossoming altar of Fedhas.
 16319 | Shoals:1 | Entered Level 1 of the Shoals
 16380 | Shoals:1 | HP: 2/59 [snapping turtle (8)]
 16391 | Shoals:1 | Noticed Nikola
 16399 | Shoals:1 | Noticed Jorgrun
 16553 | Shoals:1 | Noticed a deep elf demonologist
 16726 | Shoals:1 | Killed Jorgrun
 16776 | Shoals:1 | Killed Nikola
 17085 | Shoals:1 | Noticed a cacodemon
 17183 | Shoals:1 | Reached skill level 5 in Transmutations
 17409 | Shoals:1 | Reached skill level 20 in Spellcasting
 17504 | Shoals:1 | Killed a deep elf demonologist
 17505 | Shoals:1 | Reached skill level 5 in Hexes
 17533 | Shoals:1 | Identified the +3 buckler "Kips" {rC+ Dex+4 Stlth+}
 17543 | Shoals:1 | Reached XP level 14. HP: 63/63 MP: 5/40
 17783 | Shoals:2 | Killed from afar by a manticore

Illustrated notes

Levels and vault maps discovered:
D:1:      lightli_arrival_noodles, layout_basic, basic_ecumenical_altar
D:2:      layout_loops_cross, chequers_jeans, minmay_misc_feat_more_columns,
          nicolae_underground_beach
D:3:      layout_loops_cross, nicolae_ru_awakened_eye,
          mainiacjoe_overflow_catwalk, minmay_misc_feat_tiny,
          minmay_starry_boxes
D:4:      layout_loops_ring, lemuel_doored_altar,
          minmay_temple_entry_gardened_gates, ebering_ghost_disaster_area,
          st_stairs_2, minmay_misc_feat_plants, dk_noncrumbling_3,
          nicolae_wormholes
D:5:      layout_loops_ring, uniq_grinder, uniq_pikel, uniq_duvessa
D:6:      layout_basic, ashenzari_altar_1, nicolae_overflow_crystal_walls,
          nicolae_nh_ransacked_shop, uniq_edmund
D:7:      layout_gridville
D:8:      layout_layer_cave, lemuel_round_altar, minmay_lair_entry_grove,
          minmay_shop_chei, hellmonk_guarded_unrand_zhor
D:9:      cheibrodos_barr_body, layout_long_grid,
          chequers_temple_overflow_statue_of_worship, gammafunk_ghost_smash,
          minmay_misc_feat_room
D:10:     layout_layer_cave, lemuel_round_altar
D:11:     layout_rooms, hiddenorc2_lemuel
Lair:1:   gammafunk_cloud_chamber, layout_chaotic_city,
          infiniplex_staircase_pool_2, grunt_megastairs_5
Lair:2:   layout_small_grid, gauntlet_entry_generic, forest_entry_grove
Lair:3:   layout_hall_layers, elwin_shoals_entry_stream,
          guppyfry_snake_entry_island, ebering_ghost_rock_garden,
          enter_volcano_3, hangedman_tree_tricks, grunt_megastairs_2
Shoals:1: nicolae_shoals_deep_elves_summer_vacation, layout_shoals,
          nicolae_shoals_square_sea_wall, uniq_jorgrun, uniq_nikola
Shoals:2: layout_shoals, nicolae_shoals_goliath_grotto

Skill      XL: |  1  2  3  4  5  6  7  8  9 10 11 12 13 |
---------------+----------------------------------------+-----
Earth Magic    | 3 4 5 6 7 9 11 12 13 14 | 14.6
Spellcasting   | 3 4 5 7 8 10 12 14 16 18 20 | 20.2
Stealth        | 4 5 6 |  6.1
Dodging        | 3 4 5 |  5.1
Transmutations | 2 3 4 5 |  5.8
Hexes          | 1 3 5 |  5.3
Fighting       | 1 |  1.0
Fire Magic     | |  0.1
Evocations     | |  0.2

Action                     |  1- 3 |  4- 6 |  7- 9 | 10-12 | 13-15 || total
---------------------------+-------+-------+-------+-------+-------++-------
  Melee: Unarmed           |     2 |     1 |       |       |       ||     3
         Flail             |       |       |       |     1 |       ||     1
   Cast: Sandblast         |    55 |    90 |   174 |   385 |   212 ||   916
         Petrify           |       |     2 |     2 |    11 |    16 ||    31
         Inner Flame       |       |       |       |    28 |     2 ||    30
         Passwall          |       |       |       |     1 |     1 ||     2
         Yara's Violent Un |       |       |       |     3 |    46 ||    49
         Stone Arrow       |       |       |       |     1 |       ||     1
 Invoke: Curse Item        |       |     2 |       |     3 |       ||     5
         Shatter the Chain |       |       |       |     1 |     1 ||     2
  Evoke: Wand              |       |       |       |       |     2 ||     2
    Use: Scroll            |     5 |       |       |     4 |     1 ||    10
         Potion            |       |       |     2 |     4 |    13 ||    19
 Armour: Robe              |     4 |     2 |     4 |     2 |       ||    12
         Animal skin       |       |       |       |    11 |    12 ||    23
         Steam dragon scal |       |       |       |     2 |       ||     2
  Dodge: Dodged            |    15 |    26 |    79 |   122 |   110 ||   352
  Block: Buckler           |       |       |       |       |    17 ||    17
